 Dungeon Crawl Stone Soup version 0.31.0-1-g2c135a0 (webtiles) character file.

Game seed: 9510332767633672527

2242 brinewave the Ducker (level 9, 0/47 HPs)
             Began as a Felid Summoner on Jan 27, 2024.
             Was a Priest of Qazlal.
             Slain by an ufetubus (1 damage)
             ... on level 6 of the Dungeon.
             The game lasted 00:35:34 (8237 turns).

brinewave the Ducker (Felid Summoner)               Turns: 8237, Time: 00:35:36

Health: 0/47       AC:  2    Str:  4    XL:     9   Next: 14%
Magic:  8/18       EV: 22    Int: 29    God:    Qazlal [***...]
Gold:   416        SH:  4    Dex: 17    Spells: 8/18 levels left
                                        Lives:  0   Deaths: 3

rFire   . . .        (weapon unavailable)
rCold   . . .        (shield unavailable)
rNeg    . . .        (body armour unavailable)
rPois   .            (helmet unavailable)
rElec   .            (cloak unavailable)
rCorr   .            (gloves unavailable)
SInv    +            (boots unavailable)
Will    ++...        (no amulet)
Stlth   ++           k - +6 ring of intelligence
HPRegen 0.27/turn    u - ring of willpower
MPRegen 0.16/turn

%: no passive effects
@: no status effects
A: very small, claws 1, fangs 3, see invisible, shaggy fur 2, stealthy paws, no
weapons or thrown items, no armour, multi-lived
a: Renounce Religion, Upheaval, Elemental Force


You were on level 6 of the Dungeon.
You worshipped Qazlal.
Qazlal was most pleased with you.
You visited 1 branch of the dungeon, and saw 6 of its levels.

You collected 416 gold pieces.

Inventory:

Jewellery
 j - a ring of magical power
 k - a +6 ring of intelligence (left paw)
 l - a ring of poison resistance
 m - a ring of protection from fire
 u - a ring of willpower (right paw)
Wands
 e - a wand of roots (2)
 g - a wand of acid (6)
 q - a wand of flame (43)
Scrolls
 c - a scroll of revelation
 d - a scroll of teleportation {unknown}
 f - a scroll of fog {unknown}
 i - a scroll of enchant armour {unknown}
 p - 2 scrolls of vulnerability
 r - 2 scrolls of immolation {unknown}
 t - a scroll of summoning {unknown}
Potions
 a - a potion of magic
 h - 3 potions of resistance
 n - a potion of enlightenment
 o - a potion of cancellation
 s - 2 potions of mutation
 v - a potion of attraction {unknown}
 w - a potion of brilliance {unknown}
Miscellaneous
 b - a phial of floods
 x - a tin of tremorstones (2/2)


   Skills:
 + Level 5.5 Fighting
 + Level 7.8 Dodging
 - Level 2.6 Stealth
 + Level 5.4 Spellcasting
 + Level 6.9 Summonings
 * Level 3.2 Fire Magic
 + Level 2.4 Evocations


You had 8 spell levels left.
You knew the following spells:

 Your Spells              Type           Power      Damage    Failure   Level
a - Summon Small Mammal   Summ           100%       N/A       1%          1
b - Call Imp              Summ           96%        N/A       1%          2
c - Call Canine Familiar  Summ           48%        N/A       1%          3
d - Summon Blazeheart Go  Fire/Summ      37%        N/A       8%          4

Your spell library contained the following spells:

 Spells                   Type           Power      Damage    Failure   Level
 Apportation              Tloc           14%        N/A       6%          1
 Jinxbite                 Hex            14%        N/A       9%          2
 Summon Lightning Spire   Summ/Air       27%        N/A       14%         4
 Tukima's Dance           Hex            7%         N/A       19%         3
 Iskenderun's Mystic Bla  Conj/Tloc      7%         2d4       52%         4
 Alistair's Intoxication  Alch           4%         N/A       86%         5
 Dimensional Bullseye     Hex/Tloc       Unusable   N/A       N/A         4

Dungeon Overview and Level Annotations

Branches:
Dungeon (6/15)
 Temple: D:4-7

Altars:
Kikubaaqudgha
Qazlal
Uskayaw
Yredelemnul

Annotations:
D:6 2 runed translucent doors, Pikel


Innate Abilities, Weirdness & Mutations

You have sharp claws.
You have razor-sharp teeth.
You have supernaturally acute eyesight. (SInv)
You are covered in thick fur. (AC +2)
Your paws help you pounce on unaware monsters.
You are incapable of wielding weapons or throwing items.
You cannot wear armour.
You gain extra lives every three experience levels.


Message History

Casting: Call Canine Familiar (safe; 1% risk of failure)
Confirm with . or Enter, or press ? or * to list all spells.
A tiny devil pulls itself out of the air.
The vampire mosquito attacks as it pursues you!
The vampire mosquito misses you. The vampire mosquito bites you!
* * * LOW HITPOINT WARNING * * *
The vampire mosquito draws strength from your injuries!
Your cerulean imp hits the vampire mosquito with a +0 spear.
The vampire mosquito barely misses you.
Your cerulean imp misses the vampire mosquito.
Your familiar recovers from its injuries.
You hear a shout!
The vampire mosquito attacks as it pursues you!
The vampire mosquito misses you.
The vampire mosquito closely misses you.
Your cerulean imp hits the vampire mosquito with a +0 spear.
You catch the helpless vampire mosquito completely off-guard!
You scratch the vampire mosquito.
The vampire mosquito is severely damaged.
The vampire mosquito misses you.
You block the vampire mosquito's attack.
Your cerulean imp closely misses the vampire mosquito.
You scratch the vampire mosquito but do no damage.
You claw the vampire mosquito. Your bite misses the vampire mosquito.
The vampire mosquito is almost destroyed.
An ufetubus comes into view.
The vampire mosquito closely misses you.
You block the vampire mosquito's attack.
Your cerulean imp barely misses the vampire mosquito.
The vampire mosquito attacks as it pursues you!
The vampire mosquito misses you.
Your cerulean imp barely misses the vampire mosquito.
An ufetubus comes into view.
The ufetubus shouts!
The vampire mosquito attacks as it pursues you!
The vampire mosquito bites you.
* * * LOW HITPOINT WARNING * * *
The vampire mosquito draws strength from your injuries!
The ufetubus hits you.
You die...

##..##.##.###.##### #.#.###..##.
#......#....#...# #.#.#.##.###
#......#....#...# #.#.##.#.##.
#<.....'....#5..# ###.#.#.##.##.
##..##.######..## #...##.†.#####
..####'######..### #.#..###'#
.....#...#.......# #.##....[#####
.........#......5###5#####.##8:(8
#...#..#........@yc........#8....
############...##########..+.....
#.....# #.§+..... #.....#
#§§#8.... ##...## #..##8?|8 #####
#..y##### #.#c..... #....y5..
#########


You could see a vampire mosquito (ally target), a centaur, 2 ufetubi and a
friendly cerulean imp (summoned).

Vanquished Creatures
  A wyvern (D:6)
  Edmund (D:5)
  Pargi (D:4)
  A sky beast (D:6)
  An ogre (D:6)
  A lemure (D:6)
  A bombardier beetle (D:3)
  A howler monkey (D:4)
  A hound (D:5)
  A sleepcap (D:4)
  2 white imps (D:5)
  An orc (D:5)
  5 bats
  2 endoplasms (D:1)
  A giant cockroach (D:2)
  A goblin (D:3)
  4 hobgoblins
  2 quokkas
  2 ball pythons
  A frilled lizard (D:2)
  A kobold (D:2)
  3 rats (D:3)
35 creatures vanquished.

Vanquished Creatures (collateral kills)
  Sigmund (D:3)
  A steam dragon (D:6)
  A black bear (D:5)
  2 ogres
  A lemure (D:6)
  A scorpion (D:5)
  3 wights (D:6)
  6 bombardier beetles
  A jelly (D:6)
  A hound (D:6)
  A gnoll bouda (D:6)
  2 orc priests
  A sleepcap (D:4)
  2 iguanas
  Jessica (D:3)
  Ijyb (D:3)
  Terence (D:2)
  Natasha (D:4)
  2 orc wizards (D:3)
  4 adders
  4 gnolls (D:5)
  2 white imps
  2 dart slugs (D:1)
  4 ribbon worms
  17 orcs
  4 bats
  2 endoplasms
  4 giant cockroaches
  6 goblins
  7 hobgoblins
  5 jackals
  2 quokkas
  8 ball pythons
  3 frilled lizards
  8 kobolds
  A rat (D:2)
113 creatures vanquished.

Vanquished Creatures (others)
  A blazeheart core (D:6)
1 creature vanquished.

Grand Total: 149 creatures vanquished

Notes
Turn   | Place    | Note
-------+----------+-------------------------------------------
     0 | D:1      | brinewave the Felid Summoner began the quest for the Orb.
     0 | D:1      | Reached XP level 1. HP: 9/9 MP: 4/4
   187 | D:1      | Slain by a goblin
   187 | D:1      | Lost a life (0 lives remaining)
   308 | D:1      | Reached skill level 3 in Dodging
   309 | D:1      | Reached XP level 2. HP: 4/14 MP: 6/6
   616 | D:1      | Reached skill level 1 in Fighting
   834 | D:1      | Learned a level 2 spell: Call Imp
  1043 | D:1      | Reached XP level 3. HP: 18/18 MP: 7/7
  1142 | D:1      | Found a faded altar of an unknown god.
  1147 | D:1      | Prayed at the altar of an unknown god.
  1147 | D:1      | Became a worshipper of Qazlal Stormbringer
  1147 | D:1      | Reached * piety under Qazlal
  2060 | D:2      | Reached XP level 4. HP: 23/23 MP: 5/8
  2060 | D:2      | Gained a life (1 life remaining)
  2320 | D:2      | Noticed Terence
  2449 | D:2      | Killed Terence
  2523 | D:2      | Reached skill level 4 in Dodging
  2541 | D:2      | Found an ancient bone altar of Kikubaaqudgha.
  2552 | D:2      | You fall into a shaft and drop 1 floor!
  2557 | D:3      | Learned a level 3 spell: Call Canine Familiar
  2724 | D:3      | Noticed Sigmund
  2730 | D:3      | Reached ** piety under Qazlal
  2754 | D:3      | Killed Sigmund
  2755 | D:3      | Reached skill level 5 in Summonings
  2755 | D:3      | Reached XP level 5. HP: 28/28 MP: 1/10
  2755 | D:3      | Gained mutation: You are covered in thick fur. (AC +2)
                  | [Felid growth]
  2755 | D:3      | Reached XP level 6. HP: 32/32 MP: 1/11
  2998 | D:3      | Reached skill level 5 in Dodging
  3074 | D:3      | Noticed Jessica
  3081 | D:3      | Killed Jessica
  3143 | D:3      | Noticed Ijyb
  3157 | D:3      | Killed Ijyb
  3831 | D:4      | Reached XP level 7. HP: 13/36 MP: 3/13
  3831 | D:4      | Gained a life (2 lives remaining)
  4103 | D:4      | Noticed Pargi
  4140 | D:4      | Killed Pargi
  4276 | D:4      | Reached skill level 6 in Dodging
  4416 | D:4      | Noticed Natasha
  4431 | D:4      | Killed Natasha
  4677 | D:5      | Entered Level 5 of the Dungeon
  4923 | D:5      | Slain by a scorpion
  4923 | D:5      | Lost a life (1 life remaining)
  5033 | D:5      | Noticed a +3 hand axe
  5033 | D:5      | Noticed a +0 hand axe
  5034 | D:5      | Found a hide-covered altar of Uskayaw.
  5198 | D:5      | Reached XP level 8. HP: 20/42 MP: 9/15
  5305 | D:5      | Reached *** piety under Qazlal
  5494 | D:5      | Noticed Edmund
  6009 | D:4      | Learned a level 4 spell: Summon Blazeheart Golem
  6090 | D:5      | HP: 2/42 [Edmund/+3 dire flail of protection (5)]
  6151 | D:5      | Killed Edmund
  6152 | D:5      | Reached skill level 7 in Dodging
  6152 | D:5      | Reached skill level 1 in Fire Magic
  6833 | D:6      | Found a large runed translucent door.
  6834 | D:6      | Found a large runed translucent door.
  6844 | D:6      | Found a large runed translucent door.
  6844 | D:6      | Found a large runed translucent door.
  6890 | D:6      | Reached skill level 5 in Fighting
  6890 | D:6      | Reached skill level 5 in Spellcasting
  6890 | D:6      | Reached skill level 1 in Evocations
  6970 | D:6      | Noticed Pikel
  7151 | D:6      | Killed from afar by a steam dragon
  7151 | D:6      | Lost a life (0 lives remaining)
  7471 | D:6      | Reached XP level 9. HP: 47/47 MP: 9/17
  7844 | D:6      | Found a basalt altar of Yredelemnul.
  8237 | D:6      | HP: 1/47 [vampire mosquito (5)]
  8237 | D:6      | Slain by an ufetubus

Illustrated notes

Levels and vault maps discovered:
D:1:      tekkud_arrival_beachfront_property, layout_loops_ring,
          hellmonk_ecumenical_altar_leap_of_faith, minmay_hexomino_r4
D:2:      minmay_chambers_of_twos, layout_loops_ring, basic_altar, uniq_terence
D:3:      minmay_diamond_boxcup, layout_loops_ring, grunt_decor_fettered,
          amcnicky_mini_pool_small, uniq_ijyb, uniq_jessica, uniq_sigmund
D:4:      layout_loops_ring, st_stairs_1, uniq_pargi, uniq_natasha
D:5:      layout_basic, dancing_weapons_uskayaw, serial_library,
          serial_library_hellmonk_room_b, serial_library_hellmonk_long_bookcase,
          serial_library_hellmonk_open_cross,
          serial_library_hellmonk_reading_circle,
          serial_library_hellmonk_room_c, serial_library_hellmonk_angled_corner,
          serial_library_hellmonk_hallway_a, uniq_edmund
D:6:      layout_gridville, general_overflow_altar,
          minmay_hollow_rounded_squares, uniq_pikel

Skill      XL: |  1  2  3  4  5  6  7  8  9 |
---------------+----------------------------+-----
Dodging        | 3 4 5 6 7 |  7.8
Fighting       | 1 2 3 4 5 |  5.5
Spellcasting   | 3 4 5 |  5.4
Summonings     | 5 6 |  6.9
Fire Magic     | 2 3 |  3.2
Evocations     | 2 |  2.4
Stealth        | |  2.6

Action                     |  1- 3 |  4- 6 |  7- 9 || total
---------------------------+-------+-------+-------++-------
  Melee: Unarmed           |    47 |    33 |   102 ||   182
         Bite              |     2 |     3 |    22 ||    27
         Punch             |       |       |     4 ||     4
   Cast: Summon Small Mamm |    49 |    19 |    81 ||   149
         Call Imp          |    20 |    23 |    53 ||    96
         Call Canine Famil |       |    11 |    31 ||    42
         Summon Blazeheart |       |       |     1 ||     1
 Invoke: Upheaval          |       |       |     1 ||     1
  Evoke: Wand              |       |       |     1 ||     1
    Use: Scroll            |       |       |    10 ||    10
         Potion            |       |       |     1 ||     1
   Stab: Sleeping          |     1 |       |       ||     1
         Distracted        |       |     1 |     6 ||     7
         Fleeing           |       |       |     1 ||     1
 Armour: Skin              |    55 |    21 |    74 ||   150
  Dodge: Dodged            |   114 |    75 |   174 ||   363
  Block: Other             |     3 |     8 |    35 ||    46
